 Dungeon Crawl Stone Soup version 0.27.1-34-g3ba077fa99 (webtiles) character file.

Game seed: 17721983525926817062

7758 Cykl0x the Carver (level 11, -7/64 HPs)
             Began as a Gargoyle Gladiator on Jan 21, 2022.
             Was a Believer of Elyvilon.
             Mangled by a freezing wraith (8 damage)
             ... led by a death knight
             ... on level 9 of the Dungeon.
             The game lasted 00:24:51 (9263 turns).

Cykl0x the Carver (Gargoyle Gladiator)              Turns: 9263, Time: 00:24:52

Health: -7/64      AC: 20    Str: 22    XL:     11   Next: 20%
Magic:  17/18      EV: 11    Int:  8    God:    Elyvilon [**....]
Gold:   358        SH:  0    Dex: 11    Spells: 19/20 levels left

rFire    + . .     SeeInvis .   E - +1 great sword (spect)
rCold    . . .     Faith    .   (shield currently unavailable)
rNeg     + + .     Spirit   .   x - +0 scale mail
rPois    ∞         Reflect  .   c - +1 helmet
rElec    +         Harm     .   (no cloak)
rCorr    .         Rampage  .   r - +1 pair of gloves
Will     .....     Clarity  +   (no boots)
Stlth    ..........             D - amulet of the acrobat
HPRegen  1.20/turn              t - ring of protection from fire
MPRegen  0.16/turn              z - ring of positive energy

@: marked, slowed, very slow
A: sickness immunity, AC +8, negative energy resistance 1, electricity
resistance, torment resistance 1, petrification resistance, hooves 1, clarity,
regeneration 1
a: Renounce Religion, Lesser Healing, Heal Other, Divine Protection


You were on level 9 of the Dungeon.
You worshipped Elyvilon.
Elyvilon was pleased with you.
You visited 2 branches of the dungeon, and saw 10 of its levels.
You also visited: Sewer.

You collected 403 gold pieces.
You spent 45 gold pieces at shops.

Inventory:

Hand Weapons
 a - a +1 long sword of flaming
 h - a +2 short sword of electrocution
 y - a +0 scimitar of freezing
 E - a +1 spectral great sword (weapon)
Missiles
 d - 3 throwing nets
 k - 208 stones
 n - 11 boomerangs
 w - 7 poisoned darts
Armour
 b - a +0 leather armour
 c - a +1 helmet (worn)
 f - a +0 ring mail
 r - a +1 pair of gloves (worn)
 x - a +0 scale mail (worn)
Jewellery
 t - a ring of protection from fire (left hand)
 z - a ring of positive energy (right hand)
 D - an amulet of the acrobat (around neck)
Wands
 s - a wand of flame (42)
 B - a wand of mindburst (10)
Scrolls
 e - 3 scrolls of immolation
 j - a scroll of teleportation
 l - 3 scrolls of fear
 o - 3 scrolls of summoning
 p - 3 scrolls of enchant weapon
 q - 2 scrolls of enchant armour
 v - 2 scrolls of brand weapon
 F - a scroll of magic mapping
Potions
 g - 2 potions of haste
 i - 2 potions of resistance
 m - 2 potions of attraction
 u - 2 potions of heal wounds
 A - a potion of brilliance
 C - a potion of might
 G - a potion of berserk rage {unknown}


   Skills:
 + Level 6.1 Fighting
 + Level 9.5 Long Blades
 + Level 2.2 Throwing
 + Level 7.1 Armour
 + Level 4.7 Dodging
 + Level 5.0 Spellcasting
 + Level 6.1 Conjurations
 * Level 5.7 Invocations
 + Level 0.1 Evocations


You had 19 spell levels left.
You knew the following spells:

 Your Spells              Type           Power      Damage    Failure   Level
a - Magic Dart            Conj           44%        1d5       4%          1

Your spell library contained the following spells:

 Spells                   Type           Power      Damage    Failure   Level
 Animate Skeleton         Necr           4%         N/A       52%         1
 Pain                     Necr           8%         1d4       52%         1
 Sandblast                Erth           4%         2d4       52%         1
 Summon Small Mammal      Summ           8%         N/A       52%         1
 Mephitic Cloud           Conj/Pois/Air  5%         N/A       63%         3
 Call Imp                 Summ           2%         N/A       67%         2
 Passwall                 Tmut/Erth      1%         N/A       67%         2
 Gell's Gravitas          Tloc           1%         N/A       88%         3
 Inner Flame              Hex/Fire       2%         N/A       88%         3
 Teleport Other           Tloc           2%         N/A       88%         3
 Vampiric Draining        Necr           1%         2d6       88%         3
 Animate Dead             Necr           1%         N/A       99%         4
 Cause Fear               Hex            1%         N/A       99%         4
 Olgreb's Toxic Radiance  Pois           2%         N/A       99%         4
 Lee's Rapid Deconstruct  Erth           1%         3d5*      100%        5
 Dispersal                Tloc           1%         N/A       100%        6
 Haunt                    Necr/Summ      1%         N/A       100%        7
 Ozocubu's Refrigeration  Ice            1%         4d5       100%        7
 Discord                  Hex            1%         N/A       100%        8
 Ignition                 Fire           1%         3d3       100%        8
 Infestation              Necr           1%         N/A       100%        8


Dungeon Overview and Level Annotations

Branches:
Dungeon (9/15)             Temple (1/1) D:7            Lair (0/6) D:8
  Sewer (visited)
    Orc: D:9-12

Altars:
Ashenzari
Cheibriados
Dithmenos
Elyvilon
Gozag
Hepliaklqana
Makhleb
Nemelex Xobeh
Okawaru
Qazlal
Ru
Sif Muna
Trog
Uskayaw
Vehumet
Xom
Yredelemnul

Shops:
D:1 =   D:2 **??[   D:5 :   D:8 *

Annotations:
D:8 exclusion: ice statue


Innate Abilities, Weirdness & Mutations

You are immune to sickness and miasma.
Your stone body is resilient. (AC +8)
You are immune to poison.
You resist negative energy. (rN+)
You are resistant to electric shocks. (rElec)
You are resistant to unholy torment.
You are immune to petrification.
You have large cloven feet.
You possess an exceptional clarity of mind.
Your natural rate of healing is unusually fast.


Message History

The phantasmal warrior hits you but does no damage.
The freezing wraith hits you! The freezing wraith freezes you!
* * * LOW HITPOINT WARNING * * *
The freezing wraith hits you!
* * * LOW HITPOINT WARNING * * *
The freezing wraith drains your vigour!
You feel yourself slow down.
You are too injured to fight recklessly!
Unknown command.
You are too injured to fight recklessly!
Unknown command.
The freezing wraith completely misses you.
The freezing wraith closely misses you. The phantasmal warrior misses you.
You riposte.
You hit the phantasmal warrior.
Your kick misses the phantasmal warrior.
The phantasmal warrior is lightly damaged.
You see here a +0 club.
The freezing wraith completely misses you. x2
The phantasmal warrior blinks!
The freezing wraith misses you. The freezing wraith hits you.
* * * LOW HITPOINT WARNING * * *
The freezing wraith drains your vigour!
You feel as though you will be slow longer.
Things that are here:
a +0 whip; a +0 leather armour You slash the phantasmal warrior!
You kick the phantasmal warrior, but do no damage.
The phantasmal warrior is moderately damaged.
Your +1 spectral great sword completely misses the phantasmal warrior.
The wight barely misses you.
You riposte.
You slash the wight!
The wight is severely damaged.
Your +1 spectral great sword hits the wight!!
You destroy the wight!
The phantasmal warrior hits you but does no damage.
The freezing wraith closely misses you.
The freezing wraith completely misses you.
The phantasmal warrior hits you but does no damage.
The freezing wraith hits you.
* * * LOW HITPOINT WARNING * * *
The freezing wraith freezes you!
You die...

########################
.......................
#...$...#..#....##...
#....W..#..#....##..###
#..##W)(#.......##.....
#...zW@W..#####.##.....
.....###+##### #........
.## #####.... #....
#.... #.... #.... #..##
#....


You could see a phantasmal warrior, a freezing wraith, 2 wraiths, a wight and a
friendly +1 spectral great sword (summoned).

Vanquished Creatures
  Harold (D:9)
  A death knight (D:9)
  A two-headed ogre (D:8)
  3 kobold demonologists (D:9)
  A komodo dragon (D:8)
  11 yaks
  A steam dragon (D:8)
  2 water moccasins
  2 black bears (D:6)
  3 orc warriors
  2 centaurs
  An ogre (D:5)
  A kobold brigand (D:9)
  6 bullfrogs
  A gnoll sergeant (D:8)
  A wyvern zombie (D:7)
  A scorpion (D:3)
  A water moccasin skeleton (D:6)
  7 wights
  2 howler monkeys (D:8)
  2 centaur zombies (D:8)
  An orc priest (D:4)
  4 hounds
  A centaur skeleton (D:7)
  A bullfrog skeleton (D:5)
  4 gnoll shamans
  2 iguanas
  7 orc wizards
  A howler monkey zombie (D:8)
  21 gnolls
  A howler monkey skeleton (D:7)
  18 adders
  3 river rats (Sewer)
  An ufetubus (D:8)
  5 worms
  4 dart slugs
  29 orcs
  5 endoplasms
  5 giant cockroaches
  7 goblins
  3 hobgoblins
  4 quokkas
  16 ball pythons
  3 bats
  3 frilled lizards
  5 kobolds
  28 rats
233 creatures vanquished.

Vanquished Creatures (others)
  A kobold (D:9)
  2 plants (D:3)
3 creatures vanquished.

Grand Total: 236 creatures vanquished

Notes
Turn   | Place    | Note
-------+----------+-------------------------------------------
     0 | D:1      | Cykl0x the Gargoyle Gladiator began the quest for the Orb.
     0 | D:1      | Reached XP level 1. HP: 12/12 MP: 1/1
   228 | D:1      | Found Xeyteota's Jewellery Shoppe.
   254 | D:1      | Reached XP level 2. HP: 17/17 MP: 2/2
   320 | D:1      | Reached skill level 3 in Long Blades
   458 | D:1      | Found a faded altar of an unknown god.
   765 | D:2      | Found Ongeom's Antique Armour Boutique.
   774 | D:2      | Learned a level 1 spell: Magic Dart
   790 | D:2      | Reached skill level 1 in Armour
   817 | D:2      | Found Lofiwiu's Magic Scroll Emporium.
   827 | D:2      | Found Iliyj's Magic Scroll Shoppe.
   855 | D:2      | Reached XP level 3. HP: 20/21 MP: 3/3
   876 | D:2      | Bought a scroll of immolation for 45 gold pieces
  1159 | D:2      | Reached XP level 4. HP: 27/27 MP: 1/4
  1583 | D:2      | Found Waikenom's Assorted Antiques.
  1648 | D:2      | Found Xepnuwk's Assorted Antiques.
  1998 | D:3      | Found a shimmering altar of Xom.
  2103 | D:3      | Reached skill level 1 in Conjurations
  2124 | D:3      | Found a glowing drain.
  2157 | Sewer    | Entered a sewer
  2178 | Sewer    | Reached XP level 5. HP: 23/31 MP: 1/6
  2319 | Sewer    | Reached skill level 1 in Spellcasting
  2757 | Sewer    | Reached skill level 4 in Long Blades
  2868 | Sewer    | Reached XP level 6. HP: 18/36 MP: 5/8
  2891 | Sewer    | HP: 1/36 [adder (2)]
  2894 | Sewer    | Gained mutation: Your magical capacity is low. (-10% MP)
                  | [potion of mutation]
  2894 | Sewer    | Gained mutation: You are agile. (Dex +2) [potion of
                  | mutation]
  2894 | Sewer    | Gained mutation: Your large and strong wings let you fly.
                  | [potion of mutation]
  3263 | Sewer    | Lost mutation: Your large and strong wings let you fly.
                  | [potion of mutation]
  3263 | Sewer    | Lost mutation: You are agile. (Dex +2) [potion of mutation]
  3263 | Sewer    | Gained mutation: You have large cloven feet. [potion of
                  | mutation]
  3264 | Sewer    | Lost mutation: Your magical capacity is low. (-10% MP)
                  | [potion of mutation]
  3264 | Sewer    | Lost mutation: You have large cloven feet. [potion of
                  | mutation]
  3264 | Sewer    | Gained mutation: You have large cloven feet. [potion of
                  | mutation]
  3264 | Sewer    | Gained mutation: Your natural rate of healing is unusually
                  | fast. [potion of mutation]
  3264 | Sewer    | Gained mutation: You possess an exceptional clarity of
                  | mind. [potion of mutation]
  3401 | D:3      | Reached XP level 7. HP: 37/41 MP: 7/9
  3510 | D:3      | Found a shadowy altar of Dithmenos.
  4265 | D:4      | Identified the +11 scythe "Spiderbane" {vorpal, Stlth+}
  4506 | D:4      | Found a basalt altar of Yredelemnul.
  4674 | D:4      | Reached skill level 5 in Long Blades
  4767 | D:4      | Found a bloodstained altar of Trog.
  4789 | D:4      | Found a shimmering blue altar of Sif Muna.
  4794 | D:4      | Got Sif Muna's Guide on Creation and Unholy Rituals
  5211 | D:5      | Entered Level 5 of the Dungeon
  5309 | D:5      | Found a radiant altar of Vehumet.
  5414 | D:4      | Reached XP level 8. HP: 38/46 MP: 10/12
  5681 | D:5      | Found Anweahekk's Book Boutique.
  5714 | D:5      | Noticed a yak
  5714 | D:5      | Noticed a yak
  5714 | D:5      | Noticed a yak
  5732 | D:5      | Killed a yak
  5732 | D:5      | Noticed a yak
  5733 | D:5      | Noticed a yak
  5734 | D:5      | Noticed a yak
  5739 | D:5      | Killed a yak
  5745 | D:5      | Killed a yak
  5746 | D:5      | Reached skill level 6 in Long Blades
  5783 | D:5      | Killed a yak
  5787 | D:5      | Killed a yak
  5788 | D:5      | Reached XP level 9. HP: 52/52 MP: 14/14
  6444 | D:6      | Reached skill level 5 in Armour
  6516 | D:6      | Reached skill level 5 in Conjurations
  6759 | D:6      | Reached skill level 7 in Long Blades
  7051 | D:7      | Found a sacrificial altar of Ru.
  7142 | D:7      | Found a staircase to the Ecumenical Temple.
  7150 | Temple   | Entered the Ecumenical Temple
  7276 | Temple   | Became a worshipper of Elyvilon the Healer
  7355 | D:7      | Reached skill level 1 in Invocations
  7619 | D:7      | Reached * piety under Elyvilon
  7952 | D:7      | Found a sparkling altar of Nemelex Xobeh.
  8069 | D:8      | Noticed a two-headed ogre
  8081 | D:8      | Killed a two-headed ogre
  8082 | D:8      | Reached skill level 5 in Fighting
  8082 | D:8      | Reached skill level 8 in Long Blades
  8082 | D:8      | Reached XP level 10. HP: 41/59 MP: 11/16
  8178 | D:8      | Noticed an ice statue
  8601 | D:8      | Found Archoegic's General Store.
  8607 | D:8      | Found a staircase to the Lair.
  9122 | D:9      | Noticed a kobold demonologist
  9122 | D:9      | Noticed a kobold demonologist
  9122 | D:9      | Noticed a kobold demonologist
  9130 | D:9      | Noticed a smoke demon
  9137 | D:9      | Killed a kobold demonologist
  9138 | D:9      | Noticed a sun demon
  9143 | D:9      | Killed a kobold demonologist
  9144 | D:9      | Reached skill level 5 in Invocations
  9145 | D:9      | Killed a kobold demonologist
  9146 | D:9      | Reached skill level 9 in Long Blades
  9178 | D:9      | Reached ** piety under Elyvilon
  9227 | D:9      | Noticed Harold
  9233 | D:9      | Killed Harold
  9234 | D:9      | Reached XP level 11. HP: 47/64 MP: 18/18
  9248 | D:9      | Noticed a death knight
  9254 | D:9      | Noticed a phantasmal warrior
  9258 | D:9      | Killed a death knight
  9259 | D:9      | Reached skill level 5 in Spellcasting
  9262 | D:9      | HP: 3/64 [freezing wraith[a death knight] (5)]
  9263 | D:9      | HP: 1/64 [freezing wraith[a death knight] (4)]
  9263 | D:9      | Mangled by a freezing wraith

Illustrated notes

Levels and vault maps discovered:
D:1:      lightli_arrival_flooded_house, layout_basic,
          chequers_ecumenical_altar_twisty, serial_shops, shop,
          interstate_on_off
D:2:      layout_basic, serial_shops, nicolae_shop_stone, shop,
          nicolae_diamond_shop, nicolae_shop_behind_doors, shop,
          minmay_diced_spiral
D:3:      cheibrodos_old_hovel, layout_loops_ring, grunt_dithmenos_smoke,
          lemuel_tele_altar, cheibrodos_sewer_entry_bend, st_stairs_13
D:4:      layout_layer_cave, nicolae_overflow_hidden_temple,
          nzn_overflow_gifts_of_might_and_magic
D:5:      layout_layer_cave, vehumet_altar_wand_db, serial_shops, shop
D:6:      layout_gridville, eino_tiny_chamber
D:7:      wad_pebble_path, layout_cave_pools, mainiacjoe_overflow_alcove_4,
          nicolae_ru_sacrificial_ziggurat, minmay_temple_entry_glassed_door,
          hex_large, due_unseen_surprise
D:8:      cheibrodos_frozen_isle, layout_basic, lair_entry_dummy, serial_shops,
          shop, serial_rivers, chequers_serial_rivers_micro_e,
          chequers_serial_rivers_micro_d, chequers_serial_rivers_small_3,
          chequers_serial_rivers_micro_b, chequers_serial_rivers_small_3,
          minmay_misc_feat_roman
D:9:      layout_stronghold, uniq_harold, uniq_erolcha, uniq_maurice
Temple:   nicolae_temple_figure_zero

Skill      XL: |  1  2  3  4  5  6  7  8  9 10 11 |
---------------+----------------------------------+-----
Long Blades    | 3 4 5 6 8 9 |  9.5
Armour         | 1 2 3 4 6 7 |  7.1
Throwing       | 2 |  2.2
Conjurations   | 1 3 4 5 6 |  6.1
Spellcasting   | 1 2 3 4 5 |  5.0
Dodging        | 3 4 |  4.7
Fighting       | 3 4 5 6 |  6.1
Invocations    | 3 5 |  5.7
Evocations     | |  0.1

Action                   |  1- 3 |  4- 6 |  7- 9 | 10-12 || total
-------------------------+-------+-------+-------+-------++-------
Melee: Long sword        |    55 |   159 |   173 |       ||   387
       Short sword       |       |    13 |       |       ||    13
       Kick              |       |     9 |    96 |    31 ||   136
       Scimitar          |       |       |    87 |       ||    87
       Great sword       |       |       |     3 |    98 ||   101
Throw: Stone             |    17 |     1 |       |       ||    18
       Boomerang         |       |     2 |       |       ||     2
       Dart              |       |       |     2 |       ||     2
       Throwing net      |       |       |     4 |     1 ||     5
 Cast: Magic Dart        |     6 |    36 |   119 |    50 ||   211
Evoke: Wand              |       |       |     3 |       ||     3
  Use: Scroll            |     4 |     5 |    10 |     1 ||    20
       Potion            |       |     7 |       |       ||     7
 Stab: Invisible         |       |     3 |       |       ||     3
       Held in net/web   |       |       |     4 |     2 ||     6
Armor: Leather armour    |     1 |       |       |       ||     1
       Ring mail         |    20 |   114 |    28 |       ||   162
       Scale mail        |       |       |   152 |    83 ||   235
Dodge: Dodged            |    40 |   208 |   159 |   102 ||   509
       Rpst.: Long sword |    14 |    58 |    28 |       ||   100
       Scimitar          |       |       |    15 |       ||    15
       Great sword       |       |       |     3 |    14 ||    17
